AoeStats
← ZamSerg

Arena

506103513Analyzed
4v4 RM · 19d ago on Sep 12, 2026· 39m 19s· 8 players
Game mode
Random Map
Map size
Large (8 player)
Population
200
Speed
Normal
Resources
Standard
Victory
Conquest
Starting age
Dark Age
Ending age
Imperial Age
RankedLock teamsTeams togetherTeam positionsShared explorationLock speedFull tech treeHidden civsTurbo modeCheats
Victory
Defeat
🇭🇰 Turks · Hong Kong SAR China
1324
+14
🇦🇺 Franks · Australia
1312
+14
🇨🇳 Khmer · China
1249
+17
🇨🇳 Mongols · China
1226
+18
🇨🇳 Berbers · China
1300
-17
🇷🇺 Armenians · Russia
1276
-16
🇮🇳 Aztecs · India
1256
-15
🇨🇳 Huns · China
1253
-15
独孤久见
12:56 Feudal Age
16:44 Castle Age
14:35 Double-Bit Axe
14:38 Horse Collar
14:56 Gold Mining
18:23 Bow Saw
24:41 Bloodlines
27:04 Forging
RiGhT
10:33 Feudal Age
14:27 Castle Age
12:31 Horse Collar
13:03 Double-Bit Axe
17:17 Wheelbarrow
21:23 Heavy Plow
24:00 Bow Saw
24:39 Loom
25:00 Gold Mining
25:26 Forging
25:17 Scale Mail Armor
25:46 Eagle Warrior
26:26 Squires
27:40 Hand Cart
27:11 Town Watch
27:12 Loom
27:19 Town Watch
30:39 Imperial Age
29:20 Chain Mail Armor
29:33 Hand Cart
30:02 Iron Casting
29:57 Town Watch
29:57 Loom
32:35 Plate Mail Armor
33:07 Blast Furnace
32:42 Conscription
32:24 Elite Eagle Warrior
zxtanshui
11:15 Feudal Age
13:08 Loom
15:35 Castle Age
13:55 Double-Bit Axe
14:46 Horse Collar
17:01 Bow Saw
21:07 Heavy Plow
23:43 Wheelbarrow
22:54 Town Watch
24:02 Gold Mining
28:44 Imperial Age
26:48 Stone Mining
27:42 Gold Shaft Mining
27:18 Fletching
27:52 Ballistics
28:17 Hand Cart
28:00 Bodkin Arrow
28:16 Husbandry
29:42 Bracer
29:55 Siege Engineers
31:08 Bloodlines
30:59 Padded Archer Armor
32:27 Chemistry
32:09 Conscription
32:08 Leather Archer Armor
31:38 Elite Camel Archer
33:32 Scale Barding Armor
33:38 Forging
32:53 Heavy Camel Rider
34:53 Chain Barding Armor
35:55 Iron Casting
35:54 Ring Archer Armor
36:41 Plate Barding Armor
ZamSerg
11:38 Feudal Age
13:25 Double-Bit Axe
15:45 Castle Age
13:54 Horse Collar
16:55 Bow Saw
19:22 Fervor
21:41 Sanctity
21:28 Gold Mining
23:06 Wheelbarrow
24:17 Heavy Plow
25:54 Loom
26:25 Hand Cart
25:57 Town Watch
27:23 Gold Shaft Mining
27:42 Fletching
32:04 Imperial Age
29:32 Stone Mining
29:58 Padded Archer Armor
29:58 Bodkin Arrow
31:28 Leather Archer Armor
31:36 Ballistics
31:27 Fortified Wall
31:13 Murder Holes
31:30 Masonry
32:16 Elite Composite Bowman
33:35 Hoardings
33:21 Conscription
34:09 Chemistry
33:12 Bracer
33:23 Forging
33:14 Scale Mail Armor
33:55 Fereters
33:22 Man-at-Arms
33:48 Gambesons
34:03 Squires
33:49 Arson
36:21 Ring Archer Armor
36:07 Chain Mail Armor
36:27 Iron Casting
vino
11:00 Feudal Age
13:42 Castle Age
12:24 Double-Bit Axe
12:21 Horse Collar
16:50 Wheelbarrow
18:59 Town Watch
19:00 Loom
21:14 Bow Saw
21:35 Heavy Plow
23:22 Hand Cart
24:49 Gold Mining
24:50 Stone Mining
28:08 Imperial Age
26:05 Husbandry
26:12 Scale Barding Armor
27:31 Gold Shaft Mining
27:32 Stone Shaft Mining
28:13 Chain Barding Armor
28:04 Forging
28:09 Bloodlines
28:33 Elite Battle Elephant
29:24 Light Cavalry
30:44 Plate Barding Armor
30:44 Iron Casting
31:04 Crop Rotation
33:24 Tusk Swords
36:38 Hussar
弃疾
10:39 Feudal Age
15:01 Castle Age
13:03 Double-Bit Axe
13:00 Horse Collar
17:49 Bow Saw
18:19 Wheelbarrow
18:22 Loom
25:04 Hand Cart
26:33 Heavy Plow
30:25 Imperial Age
27:53 Stone Mining
28:00 Gold Mining
28:40 Fletching
28:50 Padded Archer Armor
29:15 Ballistics
30:14 Bodkin Arrow
31:18 Stone Shaft Mining
31:22 Gold Shaft Mining
31:43 Conscription
32:26 Chemistry
31:28 Bracer
31:44 Leather Archer Armor
31:48 Husbandry
31:58 Bloodlines
32:15 Thumb Ring
32:36 Parthian Tactics
31:37 Elite Skirmisher
33:25 Forging
34:04 Siege Engineers
33:37 Light Cavalry
34:26 Scale Barding Armor
34:57 Iron Casting
34:10 Capped Ram
35:40 Masonry
35:41 Fortified Wall
35:21 Siege Ram
36:52 Murder Holes
38:24 Drill
Zuvela
10:01 Feudal Age
14:29 Castle Age
12:55 Double-Bit Axe
13:34 Loom
15:25 Wheelbarrow
16:02 Bow Saw
21:38 Hand Cart
23:14 Gold Mining
27:23 Imperial Age
24:56 Husbandry
25:48 Scale Barding Armor
25:53 Forging
27:11 Chain Barding Armor
27:44 Cavalier
29:48 Plate Barding Armor
31:22 Paladin
33:15 Masonry
33:20 Fortified Wall
34:49 Gold Shaft Mining
34:04 Stone Mining
35:54 Iron Casting
37:03 Chivalry
37:33 Conscription
37:57 Light Cavalry
屌炸天
10:56 Feudal Age
15:06 Castle Age
13:19 Double-Bit Axe
22:07 Imperial Age
20:25 Bow Saw
21:52 Horse Collar
31:33 Gold Mining
33:42 Wheelbarrow
37:03 Padded Archer Armor
Connection lost

Rejoining the realm…

Still unreachable

The connection could not be restored.

Session expired

The server has moved on; the page needs a fresh start.